 Dungeon Crawl Stone Soup version 0.32-a0-163-g159c032296 (webtiles) character file.

Game seed: 8903628524372367371

1141 Pooter the Cleaver (level 8, -13/71 HPs)
             Began as a Minotaur Berserker on Feb 11, 2024.
             Was a Believer of Trog.
             Mangled by an ogre
             ... wielding a +0 giant spiked club
              (27 damage)
             ... on level 5 of the Dungeon.
             The game lasted 00:17:22 (3575 turns).

Pooter the Cleaver (Minotaur Berserker)             Turns: 3575, Time: 00:17:23

Health: -13/71     AC:  9    Str: 25    XL:     8   Next: 14%
Magic:  7/7        EV:  9    Int:  4    God:    Trog [**....]
Gold:   241        SH:  0    Dex:  9    Spells: 7/7 levels left

rFire   . . .        a - +2 executioner's axe (flame)
rCold   . . .        (shield currently unavailable)
rNeg    . . .        y - +0 chain mail
rPois   .            (helmet restricted)
rElec   .            n - +0 cloak
rCorr   .            (no gloves)
SInv    .            (no boots)
Will    +....        (no amulet) Stlth
                     h - ring of willpower
HPRegen 0.31/turn    (no ring)
MPRegen 0.10/turn

%: no passive effects
@: studying Ranged Weapons
A: horns 2, retaliatory headbutt
a: Renounce Religion, Berserk, Trog's Hand


You were on level 5 of the Dungeon.
You worshipped Trog.
Trog was pleased with you.
You visited 1 branch of the dungeon, and saw 7 of its levels.

You collected 241 gold pieces.

Inventory:

Hand Weapons
 a - a +2 executioner's axe of flaming (weapon)
   (You acquired it on level 4 of the Dungeon)
 b - a +0 sling
   (You took it off a goblin on level 3 of the Dungeon)
 g - a +0 hand axe
 s - a +1 heavy flail
   (You found it on level 3 of the Dungeon)
 x - a +0 trident
   (You took it off an orc on level 4 of the Dungeon)
 D - a +4 trident of draining
   (You took it off Jeremiah on level 6 of the Dungeon)
Missiles
 o - 32 poisoned darts (quivered)
 Q - 37 stones
Armour
 n - a +0 cloak (worn)
   (You found it on level 2 of the Dungeon)
 v - a scarf of shadows
   (You found it on level 3 of the Dungeon)
 y - a +0 chain mail (worn)
   (You took it off an orc on level 4 of the Dungeon)
 A - a +0 tower shield
   (You found it on level 4 of the Dungeon)
Jewellery
 h - a ring of willpower (left hand)
   (You found it on level 1 of the Dungeon)
 t - a +4 ring of protection
   (You took it off a goblin on level 3 of the Dungeon)
Wands
 C - a wand of charming (5)
   (You found it on level 7 of the Dungeon)
Scrolls
 c - a scroll of butterflies {unknown}
 d - a scroll of immolation {unknown}
 f - 2 scrolls of fear {unknown}
 k - a scroll of fog
 m - a scroll of vulnerability {!r}
 p - a scroll of blinking {unknown}
 r - 2 scrolls of noise {!r}
 B - 2 scrolls of revelation
Potions
 e - a potion of magic {unknown}
 i - 2 potions of invisibility {unknown}
 j - 2 potions of curing {unknown}
 l - a potion of mutation {unknown}
 q - a potion of haste {unknown}
 u - a potion of enlightenment {unknown}
 w - a potion of brilliance {unknown}
 z - a potion of attraction {unknown}


   Skills:
 + Level 6.6 Fighting
 * Level 8.7 Axes
 + Level 5.7 Ranged Weapons
 - Level 1.7 Throwing
 - Level 2.4 Armour
 - Level 2.1 Dodging
 - Level 1.4 Stealth
 - Level 1.3 Evocations


You had 7 spell levels left.
You didn't know any spells.
Your spell library was empty.

Dungeon Overview and Level Annotations

Branches:
Dungeon (7/15) Zot: 26733
 Temple: D:4-7

Altars:
Gozag
Xom


Innate Abilities, Weirdness & Mutations

You have a pair of horns on your head.
You reflexively headbutt those who attack you in melee.


Message History

Your body is wracked with pain!
* * * LOW HITPOINT WARNING * * *
Menkaure calls on the powers of darkness!
Your body is wracked with pain!
* * * LOW HITPOINT WARNING * * *
You slice Menkaure!! You burn Menkaure.
You destroy Menkaure!
Trog accepts your kill.
Trog appreciates your killing of a magic user.
You start resting.
An orc wizard comes into view. It is wielding a +0 dagger.
The orc wizard moves out of view.
You climb upwards.
The adder hisses angrily.
Found a maw talisman.
There is a stone staircase leading down here.
Your skin crawls.
You feel strong-willed.
You slice the adder!! You burn the adder.
You kill the adder!
Trog accepts your kill.
You start resting.
You feel yourself speed up.
You start resting.
You feel the effects of Trog's Hand fading.
You start resting.
Your skin stops crawling.
You feel less strong-willed.
You start resting.
You recover from your berserk rage.
You start resting.
You start waiting.
Done waiting.
Your +2 executioner's axe of flaming stops flaming.
b - a +0 sling (weapon)
An ogre comes into view. It is wielding a +0 giant spiked club.
The ogre shouts!
You shoot a sling bullet. The sling bullet hits the ogre.
You shoot a sling bullet.
The sling bullet barely misses the ogre.
Your +2 executioner's axe of flaming bursts into flame!
a - a +2 executioner's axe of flaming (weapon)
You barely miss the ogre.
The ogre hits you with a +0 giant spiked club!!
You are too injured to fight recklessly!
You barely miss the ogre. You headbutt the ogre!
The ogre hits you with a +0 giant spiked club!!
* * * LOW HITPOINT WARNING * * *
You barely miss the ogre. Your headbutt misses the ogre.
The ogre hits you with a +0 giant spiked club!!
You die...

#########
#....O@.# #
#.#####.###....
#.###.......#
#.....#.###.#
#####>..%....
#.#.###.# #.#.#
#...# #.#..


You could see an ogre.

Vanquished Creatures
  Jeremiah (D:6)
  Menkaure (D:6)
  A black bear (D:6)
  An orc warrior (D:6)
  An ice beast (D:6)
  A phantom (D:4)
  2 kobold brigands (D:7)
  An orc priest (D:6)
  2 hounds (D:4)
  A sleepcap (D:4)
  An iguana (D:4)
  3 adders
  4 ribbon worms
  A dart slug (D:1)
  11 orcs
  8 ball pythons
  A bat (D:1)
  3 endoplasms
  3 giant cockroaches
  8 goblins
  4 hobgoblins
  4 jackals (D:1)
  9 kobolds
  A quokka (D:4)
  2 frilled lizards (D:1)
  5 rats
80 creatures vanquished.

Notes
Turn   | Place    | Note
-------+----------+-------------------------------------------
     0 | D:1      | Pooter the Minotaur Berserker began the quest for the Orb.
     0 | D:1      | Reached XP level 1. HP: 19/19 MP: 0/0
   212 | D:1      | Reached XP level 2. HP: 24/27 MP: 1/1
   280 | D:1      | Reached skill level 4 in Axes
  1037 | D:2      | Reached XP level 3. HP: 33/33 MP: 2/2
  1060 | D:2      | Found a shimmering altar of Xom.
  1087 | D:2      | Found a faded altar of an unknown god.
  1233 | D:2      | Reached skill level 1 in Throwing
  1485 | D:2      | Reached ** piety under Trog
  2178 | D:3      | Reached skill level 1 in Stealth
  2198 | D:3      | Found an opulent altar of Gozag.
  2392 | D:4      | Reached XP level 4. HP: 38/40 MP: 3/3
  2394 | D:4      | Reached skill level 1 in Evocations
  2548 | D:4      | Reached skill level 5 in Axes
  2548 | D:4      | Reached skill level 1 in Ranged Weapons
  2548 | D:4      | Reached XP level 5. HP: 47/47 MP: 4/4
  2746 | D:4      | Identified a scroll of acquirement
  2747 | D:4      | Acquired a +2 executioner's axe of flaming
  2828 | D:4      | Noticed a phantom
  2837 | D:4      | Killed a phantom
  2906 | D:4      | Reached skill level 6 in Axes
  2906 | D:4      | Reached XP level 6. HP: 55/55 MP: 5/5
  2964 | D:4      | You fall into a shaft and drop 3 floors!
  2984 | D:7      | Reached skill level 5 in Fighting
  3068 | D:6      | Noticed an ice beast
  3080 | D:6      | Killed an ice beast
  3165 | D:6      | Reached XP level 7. HP: 61/61 MP: 6/6
  3173 | D:6      | Noticed Jeremiah
  3213 | D:6      | Killed Jeremiah
  3214 | D:6      | Reached skill level 7 in Axes
  3284 | D:6      | Noticed Menkaure
  3290 | D:6      | Reached skill level 8 in Axes
  3291 | D:6      | Reached skill level 5 in Ranged Weapons
  3298 | D:6      | Reached XP level 8. HP: 7/71 MP: 7/7
  3301 | D:6      | Killed Menkaure
  3313 | D:5      | Entered Level 5 of the Dungeon
  3575 | D:5      | Mangled by an ogre

Illustrated notes

Levels and vault maps discovered:
D:1:      enne_arrival_octagon_isle, layout_basic
D:2:      layout_loops_ring, hellmonk_ecumenical_altar_pennies_from_heaven,
          basic_altar
D:3:      layout_loops_ring, mainiacjoe_overflow_catwalk, kennysheep_minor_cross
D:4:      layout_loops_ring
D:5:      layout_basic, minmay_temple_entry_large_hall, serial_shops,
          shop_fountains, uniq_sigmund
D:6:      layout_basic, serial_shops, shop, uniq_eustachio, uniq_jeremiah,
          uniq_menkaure
D:7:      layout_loops_cross, nicolae_sif_muna_condensation

Skill      XL: |  1  2  3  4  5  6  7 |
---------------+----------------------+-----
Axes           | 4 5 6 8 |  8.7
Throwing       | 1 |  1.7
Fighting       | 4 5 6 |  6.6
Stealth        | 1 |  1.4
Evocations     | 1 |  1.3
Ranged Weapons | 1 3 5 |  5.7
Armour         | |  2.4
Dodging        | |  2.1

Action                     |  1- 3 |  4- 6 |  7- 9 || total
---------------------------+-------+-------+-------++-------
  Melee: Hand axe          |    67 |     8 |       ||    75
         Headbutt          |    13 |     8 |     2 ||    23
         Flail             |    21 |    32 |       ||    53
         Punch             |     2 |       |       ||     2
         Executioner's axe |       |    20 |    18 ||    38
   Fire: Sling             |       |     2 |     2 ||     4
  Throw: Dart              |       |     3 |       ||     3
 Invoke: Berserk           |       |     4 |     2 ||     6
         Trog's Hand       |       |     2 |     1 ||     3
  Evoke: Wand              |       |       |     3 ||     3
    Use: Scroll            |     2 |     4 |       ||     6
   Stab: Betrayed ally     |       |       |     1 ||     1
 Armour: Animal skin       |    25 |       |       ||    25
         Scale mail        |    30 |    22 |       ||    52
         Chain mail        |       |    41 |    11 ||    52
  Dodge: Dodged            |    50 |    36 |     3 ||    89
  Block: Tower shield      |       |     1 |       ||     1

Table legend: (Time is in decaauts)
 A = Elapsed time spent in this place.
 B = Non-inter-level travel time spent in this place.
 C = Inter-level travel time spent in this place.
 D = Time resting spent in this place.
 E = Time spent auto-exploring this place.
 F = Levels seen in this place.
 G = Mean time per level.
                   A        B        C        D        E       F      G
               +--------+--------+--------+--------+--------+-----+--------+
         Total |   3689 |   3613 |     76 |    616 |   2215 |   7 |  527.0 |
       Dungeon |   3689 |   3613 |     76 |    616 |   2215 |   7 |  527.0 |
               +--------+--------+--------+--------+--------+-----+--------+

Top non-repeatable levels by time:
     D:1: 987 daAuts
     D:3: 760 daAuts
     D:2: 645 daAuts
     D:4: 639 daAuts
     D:6: 281 daAuts
     D:5: 265 daAuts
     D:7: 109 daAuts
